 Dungeon Crawl Stone Soup version 0.26.0-10-g1f06aea511 (webtiles) character file.

Game seed: 11136353917596522869

2354 McKennaii the Spear-Bearer (level 9, -1/66 HPs)
             Began as a Demonspawn Monk on Jan 14, 2021.
             Was a High Priest of Makhleb.
             Slain by an orc warrior
             ... wielding a +0 battleaxe
              (19 damage)
             ... on level 6 of the Dungeon.
             The game lasted 00:12:25 (6482 turns).

McKennaii the Spear-Bearer (Demonspawn Monk)        Turns: 6482, Time: 00:12:26

Health: -1/66      AC: 25    Str: 14    XL:     9   Next: 20%
Magic:  9/9        EV:  5    Int: 11    God:    Makhleb [*****.]
Gold:   430        SH:  0    Dex: 17    Spells: 8/8 levels left

rFire    . . .     SeeInvis .   w - +0 scythe
rCold    . . .     Faith    .   (shield currently unavailable)
rNeg     . . .     Spirit   .   e - +0 plate armour
rPois    .         Reflect  .   l - +0 helmet
rElec    .         Harm     .   t - +0 cloak
rCorr    .         Rampage  .   C - +0 pair of gloves
Will     .....                  A - +2 pair of boots
Stlth    ..........             (no amulet)
HPRegen  0.21/turn              (no ring)
MPRegen  0.11/turn              (no ring)

@: confused, sanguine armour
A: talons 2, spiny 2, miasma immunity, sanguine armour 1
a: Renounce Religion, Minor Destruction, Lesser Servant of Makhleb, Major
Destruction, Greater Servant of Makhleb


You were on level 6 of the Dungeon.
You worshipped Makhleb.
Makhleb was extremely pleased with you.
You visited 1 branch of the dungeon, and saw 7 of its levels.
You also visited: Sewer.

You collected 430 gold pieces.

Inventory:

Hand Weapons
 w - a +0 scythe (weapon)
Armour
 e - a +0 plate armour (worn)
 l - a +0 helmet (worn)
 t - a +0 cloak (worn)
 A - a +2 pair of boots (worn)
 C - a +0 pair of gloves (worn)
Jewellery
 v - an uncursed ring of fire
Wands
 y - a wand of flame (19)
Scrolls
 b - 2 scrolls of magic mapping
 c - a scroll of immolation
 f - 5 scrolls of teleportation
 g - 2 scrolls of remove curse {unknown}
 h - 3 scrolls of identify
 i - a scroll of noise {unknown}
 j - a scroll of enchant armour {unknown}
 k - 2 scrolls of enchant weapon {unknown}
 n - a scroll of silence {unknown}
 o - 3 scrolls of blinking {unknown}
 r - a scroll of fear {unknown}
 u - a scroll of amnesia {unknown}
 x - a scroll of random uselessness {unknown}
Potions
 a - 2 potions of invisibility {unknown}
 d - 6 potions of curing
 m - a potion of lignification
 p - a potion of ambrosia
 q - a potion of attraction
 s - a potion of mutation {unknown}
 z - a potion of flight {unknown}
 B - a potion of magic {unknown}


   Skills:
 + Level 4.6 Fighting
 * Level 9.4 Polearms
 * Level 5.6 Armour
 + Level 3.0 Dodging
 + Level 2.2 Stealth


You had 8 spell levels left.
You didn't know any spells.
Your spell library contained the following spells:

 Spells                   Type           Power        Failure   Level
 Corona                   Hex            0%           100%        1
 Shock                    Conj/Air       0%           100%        1
 Ensorcelled Hibernation  Hex/Ice        0%           100%        2
 Swiftness                Air            0%           100%        2
 Confusing Touch          Hex            0%           100%        3
 Dazzling Flash           Conj/Hex       0%           100%        3
 Static Discharge         Conj/Air       0%           100%        3
 Tukima's Dance           Hex            0%           100%        3
 Airstrike                Air            0%           100%        4
 Lightning Bolt           Conj/Air       0%           100%        5


Dungeon Overview and Level Annotations

Branches:
Dungeon (7/15)             Temple (0/1) D:5           Sewer (visited)

Altars:
Elyvilon
Makhleb
Uskayaw
The Shining One

Annotations:
D:7 1 transporter


Innate Abilities, Weirdness & Mutations

You have razor-sharp toenails.
You are mostly covered in sharp spines.
You are immune to miasma.
When seriously injured, your bleeding wounds create armour. (AC +6)


Message History

The orc warrior is heavily wounded.
The orc warrior hits you with a +0 battleaxe.
Unknown command.
You closely miss the orc warrior.
The orc warrior is heavily wounded.
The orc warrior hits you but does no damage.
The orc warrior hits you with a +0 battleaxe!
* * * LOW HITPOINT WARNING * * *
Unknown command.
You hit the orc warrior but do no damage.
The orc warrior is heavily wounded.
The orc warrior hits you with a +0 battleaxe!
* * * LOW HITPOINT WARNING * * *
Unknown command.
You are confused.
You feel invigorated. The orc warrior barely misses you.
You bump into the rock wall.
You bump into the rock wall.
The orc warrior hits you with a +0 battleaxe!!
You die...

...#####...##
......###...##
....#.###.#..#########
....#..##.#..........#
...###.#..##########.#
..## #.#.## ##8###8#.#
### #...# ##........#
##..# #8........# #.##
##(.o@....# ###
#...##8### #.)[####
#⌠...8 ##..?## #...#
....# .[...8 ......#


You could see an orc warrior.

Vanquished Creatures
  Grinder (D:4)
  Sigmund (D:4)
  3 steam dragons (D:6)
  An ice beast (D:7)
  A phantom (D:6)
  An ogre (D:4)
  3 bullfrogs
  A howler monkey (D:5)
  A wight (D:4)
  A centaur zombie (D:6)
  5 hounds
  A jelly (D:7)
  4 orc priests (D:5)
  3 orc wizards
  Crazy Yiuf (D:5)
  3 iguanas
  6 worker ants
  A killer bee zombie (D:6)
  Robin (D:3)
  10 adders
  2 shadow imps
  2 white imps (D:6)
  An ufetubus (D:5)
  11 oozes
  An adder zombie (D:5)
  A worm (D:4)
  3 dart slugs
  16 leopard geckos
  21 orcs
  17 giant cockroaches
  11 goblins
  15 hobgoblins
  12 jackals
  4 quokkas
  15 ball pythons
  11 bats
  13 frilled lizards
  3 goblin skeletons (D:5)
  A goblin zombie (D:5)
  A hobgoblin zombie (D:5)
  11 kobolds
  2 kobold zombies (D:5)
  A leopard gecko zombie (D:4)
  An orc zombie (D:5)
  6 rats
231 creatures vanquished.

Vanquished Creatures (others)
  4 fungi (D:5)
4 creatures vanquished.

Grand Total: 235 creatures vanquished

Notes
Turn   | Place    | Note
-------+----------+-------------------------------------------
     0 | D:1      | McKennaii the Demonspawn Monk began the quest for the Orb.
     0 | D:1      | Reached XP level 1. HP: 18/18 MP: 1/1
   152 | D:1      | Gained mutation: You are partially covered in sharp spines.
                  | [demonic ancestry]
   152 | D:1      | Reached XP level 2. HP: 24/24 MP: 2/2
   156 | D:1      | Reached skill level 3 in Polearms
   540 | D:1      | Gained mutation: You are mostly covered in sharp spines.
                  | [demonic ancestry]
   540 | D:1      | Reached XP level 3. HP: 29/29 MP: 3/3
  1302 | D:2      | Found a burning altar of Makhleb.
  1550 | D:2      | Reached skill level 1 in Armour
  1581 | D:2      | Gained mutation: You have sharp toenails. [demonic
                  | ancestry]
  1581 | D:2      | Reached XP level 4. HP: 34/35 MP: 4/4
  1951 | D:2      | Became a worshipper of Makhleb the Destroyer
  1951 | D:2      | Reached * piety under Makhleb
  1951 | D:2      | Reached ** piety under Makhleb
  2099 | D:3      | Noticed Robin
  2111 | D:3      | Killed Robin
  2255 | D:3      | Found a glowing drain.
  2264 | Sewer    | Entered a sewer
  2301 | Sewer    | Reached skill level 4 in Polearms
  2301 | Sewer    | Gained mutation: You are immune to miasma. [demonic
                  | ancestry]
  2301 | Sewer    | Reached XP level 5. HP: 41/41 MP: 5/5
  2404 | Sewer    | Reached *** piety under Makhleb
  2670 | Sewer    | Gained mutation: When seriously injured, your bleeding
                  | wounds create armour. (AC +6) [demonic ancestry]
  2670 | Sewer    | Reached XP level 6. HP: 48/48 MP: 6/6
  2674 | Sewer    | Reached skill level 5 in Polearms
  2755 | D:3      | Reached **** piety under Makhleb
  2763 | D:3      | Found a hide-covered altar of Uskayaw.
  3227 | D:4      | Noticed Sigmund
  3354 | D:4      | Reached XP level 7. HP: 20/53 MP: 7/7
  3667 | D:4      | Reached skill level 6 in Polearms
  3895 | D:4      | Noticed Grinder
  3918 | D:4      | Killed Grinder
  4049 | D:4      | Killed Sigmund
  4050 | D:4      | Reached skill level 7 in Polearms
  4050 | D:4      | Gained mutation: You have razor-sharp toenails. [demonic
                  | ancestry]
  4050 | D:4      | Reached XP level 8. HP: 57/60 MP: 8/8
  4476 | D:4      | Found a white marble altar of Elyvilon.
  4565 | D:5      | Entered Level 5 of the Dungeon
  4845 | D:5      | Found a glowing golden altar of the Shining One.
  4920 | D:5      | Found a runed translucent door.
  4921 | D:5      | Noticed Crazy Yiuf
  4945 | D:5      | Killed Crazy Yiuf
  4987 | D:5      | Reached ***** piety under Makhleb
  5259 | D:5      | Found a staircase to the Ecumenical Temple.
  5260 | D:5      | You fall into a shaft and drop 2 floors!
  5288 | D:7      | Found a transporter.
  5329 | D:7      | Reached skill level 8 in Polearms
  5462 | D:6      | Reached skill level 5 in Armour
  5901 | D:6      | Reached skill level 9 in Polearms
  5901 | D:6      | Reached XP level 9. HP: 37/66 MP: 9/9
  6482 | D:6      | Slain by an orc warrior

Illustrated notes

Levels and vault maps discovered:
D:1:      sevenhm_arrival_forest_fort_small_5, layout_loops_cross
D:2:      layout_loops_corners, lemuel_round_altar, hangedman_feature_mirror,
          minmay_worlds_worst_comb
D:3:      layout_loops_cross, nicolae_overflow_crystal_walls,
          cheibrodos_sewer_entry_sluice, hangedman_decor_peaks_small, uniq_robin
D:4:      minmay_skewed_foursquare, layout_basic, elyvilon_altar_1,
          uniq_grinder, uniq_sigmund
D:5:      layout_cave_pools, nicolae_tso_besieged_by_evil, temple_fountains,
          serial_park, serial_park_paths [serial_park_minivault_5x5_3],
          serial_park_square1 [serial_park_minivault_5x5_8], serial_park_tiny_2,
          uniq_crazy_yiuf_cottage
D:6:      cheibrodos_steamvent, layout_rooms, serial_corexii_hall,
          corexii_hall_statues_s, corexii_hall_statues_i,
          corexii_hall_statues_deadend, corexii_hall_statues_l,
          corexii_hall_statues_i, chequers_hall_statues_corner_a,
          amcnicky_mini_pool_medium
D:7:      cheibrodos_barr_body, layout_basic, nicolae_qazlal_style_of_elements,
          ashenzari_altar_1, gammafunk_ghost_mausoleum, serial_rivers,
          chequers_serial_rivers_micro_a, chequers_serial_rivers_small_b,
          chequers_serial_rivers_room_a, chequers_serial_rivers_small_a,
          chequers_serial_rivers_micro_c, chequers_serial_rivers_micro_c

Skill      XL: |  1  2  3  4  5  6  7  8 |
---------------+-------------------------+-----
Polearms       | 3 4 5 7 9 |  9.4
Stealth        | 2 |  2.2
Dodging        | 3 |  3.0
Armour         | 1 2 3 4 5 |  5.6
Fighting       | 4 |  4.6

Action                   |  1- 3 |  4- 6 |  7- 9 || total
-------------------------+-------+-------+-------++-------
Melee: Spear             |   150 |   247 |    67 ||   464
       Kick              |       |    60 |    33 ||    93
       Scythe            |       |       |   165 ||   165
  Use: Scroll            |       |       |     7 ||     7
       Potion            |       |       |     1 ||     1
 Stab: Sleeping          |     2 |       |       ||     2
Armor: Ring mail         |     7 |       |       ||     7
       Robe              |     1 |       |       ||     1
       Plate armour      |    49 |    85 |   177 ||   311
Dodge: Dodged            |    39 |    33 |    50 ||   122
